 Dungeon Sprint DCSS version 0.19.0-17-g07987d3 (webtiles) character file.

4613 LORDOFBUTT the Imperceptible (level 10, -1/44 HPs)
             Began as a Spriggan Enchanter on Nov 10, 2016.
             Was a Priest of Dithmenos.
             Slain by a demonic crawler (11 damage)
             ... in the Dungeon (Sprint I: "Red Sonja").
             The game lasted 00:03:04 (562 turns).

LORDOFBUTT the Imperceptible (Spriggan Enchanter)    Turns: 562, Time: 00:03:06

Health: -1/44      AC:  3    Str:  4    XL:     10   Next: 19%
Magic:  29/29      EV: 19    Int: 16    God:    Dithmenos [***...]
Gold:   1044       SH:  0    Dex: 21    Spells: 3 memorised, 31 levels left

rFire  . . .     SeeInvis +     a - +1 dagger
rCold  . . .     Gourm    .     b - +1 robe
rNeg   . . .     Faith    .     (shield restricted)
rPois  .         Spirit   .     (helmet restricted)
rElec  .         Reflect  .     (no cloak)
rCorr  .         Harm     .     (gloves unavailable)
MR     +....     NoTele   +     (boots unavailable)
Stlth  ++++++++++               (no amulet)
                                (no ring)
                                (no ring)

@: wreathed by umbra, very quick
A: unfitting armour, see invisible, herbivore 3, speed 3, slow metabolism 2
a: Shadow Step, Renounce Religion


You were in the Dungeon.
You worshipped Dithmenos.
Dithmenos was most pleased with you.
You were not hungry.

You visited 1 branch You collected 1044 gold pieces.

Inventory:

Hand Weapons
 a - a +1 dagger (weapon)
 l - a +0 blowgun
Missiles
 m - 8 curare-tipped needles
 o - 11 poisoned needles
Armour
 b - a +1 robe (worn)
Wands
 i - a wand of digging (14/24)
 k - a wand of disintegration (11/24)
Scrolls
 j - a scroll of blinking
 n - a scroll of identify {unknown}
Potions
 e - 6 potions of curing
 f - a potion of heal wounds
 g - a potion of haste
 h - 2 potions of magic
Books
 c - a book of Maledictions

   Spells                             Type                      Level
   a - Corona                         Hexes                        1
   b - Ensorcelled Hibernation        Hexes/Ice                    2
   c - Confuse                        Hexes                        3
   d - Tukima's Dance                 Hexes                        3
   e - Dazzling Spray                 Conjuration/Hexes            3
Comestibles
 d - 2 bread rations


   Skills:
 - Level 1.1 Short Blades
 - Level 3.0 Dodging
 * Level 23.4 Stealth
 + Level 14.2 Spellcasting
 + Level 14.3 Hexes


You had 31 spell levels left.
You knew the following spells:

 Your Spells              Type           Power        Failure   Level  Hunger
a - Corona                Hex            ######.      1%          1    None
b - Ensorcelled Hibernat  Hex/Ice        ####..       1%          2    None
c - Confuse               Hex            ######..     1%          3    None


Dungeon Overview and Level Annotations

Branches:
Dungeon (1/1)

Altars:
Cheibriados
Dithmenos
Elyvilon
Fedhas
Gozag
Hepliaklqana
Kikubaaqudgha
Makhleb
Nemelex Xobeh
Okawaru
Qazlal
Ru
Sif Muna
Trog
Uskayaw
Vehumet
Xom
Yredelemnul
Zin
The Shining One
Jiyva
Lugonu

Shops:
D }*[


Innate Abilities, Weirdness & Mutations

You are very small and have problems with some larger weapons.
You are too small for most types of armour.
You have supernaturally acute eyesight. (SInv)
You are a herbivore.
You cover ground extremely quickly.
You need consume almost no food.


Message History

You open the door.
There is an open door here.
There is an open door here.
There is an open door here.
There is an open door here.
There is an open door here.
You open the door. 4 demonic crawlers come into view.
The demonic crawler gives a hideous shriek! x4
The demonic crawler hits you. The demonic crawler hits you!
The demonic crawler closely misses you.
There is an open door here.
You hit the demonic crawler but do no damage.
The demonic crawler hits you! The demonic crawler closely misses you.
The demonic crawler hits you. The demonic crawler misses you.
The demonic crawler hits you!
* * * LOW HITPOINT WARNING * * *
The demonic crawler hits you but does no damage.
The demonic crawler barely misses you. x2; The demonic crawler hits you!
You die...

#################
#.)'..#__#..'..)#
'..#..'..'..#...##+#
#####'#__####)..@ss#
#...#.####§§#####ss+
#..##.#§§§.§#..# +##
##'#..'§§§§§'.†#
.'..._#§≈≈§)#..#
##_.#+##'#####'###
###'# #).).###.'.#
###.####'###.###§#
.'...'..[..')∩##§#


You could see 4 demonic crawlers.

Vanquished Creatures
  2 centaur warriors (D)
  Sonja (D)
  A deep troll (D)
  An oklob plant (D)
  2 kobold demonologists (D)
  A hornet (D)
  A slime creature (D)
  2 redbacks (D)
  Sigmund (D)
  A yak (D)
  A floating eye (D)
  An ogre (D)
  A jelly (D)
  Ijyb (D)
  5 ballistomycetes (D)
22 creatures vanquished.

Vanquished Creatures (others)
  A gargoyle (D)
  2 ballistomycete spores (D)
3 creatures vanquished.

Grand Total: 25 creatures vanquished

Notes
Turn   | Place    | Note
-------+----------+-------------------------------------------
     0 | D        | LORDOFBUTT the Spriggan Enchanter began the quest for the Orb.
     0 | D        | Reached XP level 1. HP: 9/9 MP: 5/5
     1 | D        | Noticed Ijyb
     6 | D        | Killed Ijyb
     6 | D        | Reached skill level 7 in Stealth
     6 | D        | Reached XP level 2. HP: 13/13 MP: 6/8
    45 | D        | Learned a level 2 spell: Ensorcelled Hibernation
    47 | D        | Noticed an ogre
    50 | D        | Killed an ogre
    50 | D        | Reached skill level 10 in Stealth
    50 | D        | Reached skill level 5 in Spellcasting
    50 | D        | Reached XP level 3. HP: 16/16 MP: 9/11
    50 | D        | Reached XP level 4. HP: 21/21 MP: 9/12
    59 | D        | Noticed Sigmund
    64 | D        | Killed Sigmund
    64 | D        | Reached skill level 13 in Stealth
    64 | D        | Reached XP level 5. HP: 24/24 MP: 9/16
    84 | D        | Killed a gargoyle
   119 | D        | Found a deep blue altar of Sif Muna.
   121 | D        | Found a radiant altar of Vehumet.
   125 | D        | Reached skill level 14 in Stealth
   125 | D        | Reached XP level 6. HP: 28/28 MP: 18/18
   152 | D        | Found Sihoasag's General Store.
   152 | D        | Found an ancient bone altar of Kikubaaqudgha.
   152 | D        | Found a hazy altar of Hepliaklqana.
   152 | D        | Found a stormy altar of Qazlal.
   152 | D        | Found a hide-covered altar of Uskayaw.
   152 | D        | Found a blossoming altar of Fedhas.
   152 | D        | Found a bloodstained altar of Trog.
   152 | D        | Found an iron altar of Okawaru.
   152 | D        | Found a basalt altar of Yredelemnul.
   152 | D        | Found a glowing golden altar of the Shining One.
   152 | D        | Found a snail-covered altar of Cheibriados.
   152 | D        | Found a sacrificial altar of Ru.
   152 | D        | Found a glowing silver altar of Zin.
   152 | D        | Found a shadowy altar of Dithmenos.
   152 | D        | Found a white marble altar of Elyvilon.
   152 | D        | Noticed a yak
   153 | D        | Found an opulent altar of Gozag.
   154 | D        | Killed a yak
   154 | D        | Reached skill level 15 in Stealth
   155 | D        | Found a sparkling altar of Nemelex Xobeh.
   163 | D        | Became a worshipper of Dithmenos the Shadowed
   178 | D        | Found a burning altar of Makhleb.
   178 | D        | Found a viscous altar of Jiyva.
   178 | D        | Found a shimmering altar of Xom.
   178 | D        | Found a corrupted altar of Lugonu.
   178 | D        | Noticed a slime creature
   181 | D        | Killed a slime creature
   181 | D        | Reached skill level 16 in Stealth
   181 | D        | Reached skill level 10 in Hexes
   181 | D        | Reached XP level 7. HP: 32/32 MP: 21/21
   187 | D        | Learned a level 3 spell: Confuse
   200 | D        | Noticed a kobold demonologist
   201 | D        | Noticed a kobold demonologist
   203 | D        | Reached skill level 17 in Stealth
   203 | D        | Reached skill level 10 in Spellcasting
   204 | D        | Killed a kobold demonologist
   204 | D        | Reached * piety under Dithmenos
   204 | D        | Reached skill level 18 in Stealth
   204 | D        | Reached XP level 8. HP: 36/36 MP: 21/23
   206 | D        | Killed a kobold demonologist
   225 | D        | Noticed Sonja
   230 | D        | Killed Sonja
   230 | D        | Reached skill level 20 in Stealth
   262 | D        | Found Tattiukk's Gadget Boutique.
   440 | D        | Noticed a deep troll
   444 | D        | Killed a deep troll
   444 | D        | Reached ** piety under Dithmenos
   444 | D        | Reached skill level 21 in Stealth
   444 | D        | Reached XP level 9. HP: 34/39 MP: 26/26
   458 | D        | Found Buruc's Armour Emporium.
   480 | D        | Noticed a centaur warrior
   481 | D        | Noticed a centaur warrior
   485 | D        | Killed a centaur warrior
   486 | D        | Killed a centaur warrior
   486 | D        | Reached skill level 22 in Stealth
   496 | D        | Reached *** piety under Dithmenos
   507 | D        | Noticed an oklob plant
   509 | D        | Killed an oklob plant
   509 | D        | Reached skill level 23 in Stealth
   509 | D        | Reached XP level 10. HP: 44/44 MP: 27/29
   562 | D        | Slain by a demonic crawler

Skill      XL: |  1  2  3  4  5  6  7  8  9 |
---------------+----------------------------+-----
Stealth        | 7 10 13 14 16 18 21 23 | 23.4
Spellcasting   | 4 5 7 8 9 10 12 14 | 14.2
Hexes          | 4 6 8 10 12 14 | 14.3
Short Blades   | |  1.1
Dodging        | |  3.0

Action                   |  1- 3 |  4- 6 |  7- 9 | 10-12 || total
-------------------------+-------+-------+-------+-------++-------
Melee: Dagger            |     5 |     5 |    99 |     3 ||   112
 Fire: Blowgun           |       |       |     1 |       ||     1
 Cast: Ensorcelled Hiber |       |     1 |     1 |       ||     2
  Use: Potion            |     1 |       |       |       ||     1
 Stab: Sleeping          |     1 |     4 |     9 |     2 ||    16
Armor: Robe              |       |       |       |     1 ||     1
Dodge: Dodged            |     1 |     1 |     1 |     5 ||     8
